 Dungeon Crawl Stone Soup version 0.29.1-15-g9cfb28693d (webtiles) character file.

Game seed: 15222262932686250103

32 fortdeath9 the Sneak (level 3, -3/30 HPs)
             Began as a Ghoul Brigand on Apr 14, 2023.
             Slain by a worm (6 damage)
             ... on level 2 of the Dungeon.
             The game lasted 00:11:52 (921 turns).

fortdeath9 the Sneak (Ghoul Brigand)                 Turns: 921, Time: 00:11:53

Health: -3/30      AC:  3    Str: 16    XL:     3   Next: 25%
Magic:  2/2        EV: 11    Int:  6    God:
Gold:   44         SH:  0    Dex: 10    Spells: 2/2 levels left

rFire   . . .      SeeInvis .   a - +2 dagger
rCold   + . .      Faith    .   (no shield)
rNeg    + + +      Spirit   .   b - +0 robe
rPois   ∞          Reflect  .   (no helmet)
rElec   .          Harm     .   c - +0 cloak
rCorr   .          Rampage  .   (no gloves)
Will    .....                   (no boots)
Stlth   +++.......              (no amulet)
HPRegen 0.00/turn               (no ring)
MPRegen 0.08/turn               (no ring)

@: inhibited regen
A: claws 1, cold resistance 1, negative energy resistance 3, inhibited
regeneration, torment resistance 2, devour on kill
a: no special abilities


You were on level 2 of the Dungeon.
You visited 1 branch of the dungeon, and saw 2 of its levels.

You collected 44 gold pieces.

Inventory:

Hand Weapons
 a - a +2 dagger (weapon)
 g - a +0 sling
Missiles
 d - 6 poisoned darts (quivered)
 e - 3 curare-tipped darts
 h - 19 stones
Armour
 b - a +0 robe (worn)
 c - a +0 cloak (worn)
Scrolls
 f - 2 scrolls of identify
 i - a scroll of fog {unknown}
 k - a scroll of enchant weapon {unknown}
 m - a scroll of noise {unknown}
Potions
 j - a potion of mutation
 l - a potion of magic {unknown}


   Skills:
 + Level 2.4 Fighting
 + Level 2.2 Short Blades
 + Level 1.9 Throwing
 + Level 1.1 Dodging
 + Level 5.0 Stealth


You had 2 spell levels left.
You didn't know any spells.
Your spell library was empty.

Dungeon Overview and Level Annotations

Branches:
Dungeon (2/15)

Altars:


Innate Abilities, Weirdness & Mutations

You are immune to poison.
You have sharp fingernails.
Your flesh is cold resistant. (rC+)
You are immune to negative energy. (rN+++)
You do not regenerate when monsters are visible.
You are immune to unholy pain and torment.
You thrive by killing the living.


Message History

Press: ? - help, Q - select action, (/) - cycle Shift-Dir - straight line, f - worm
Aim: a worm (heavily wounded, 76% to hit)
You throw a poisoned dart. The poisoned dart hits the worm.
The worm is poisoned.
The worm is heavily wounded.
You barely miss the worm.
The worm is heavily wounded.
You hit the worm.
The worm is severely wounded.
The worm barely misses you.
You barely miss the goblin. The goblin closely misses you.
The goblin attacks as you move away! The goblin hits you but does no damage.
The worm looks more healthy.
You hit the goblin.
The goblin is heavily wounded.
The goblin barely misses you. The goblin attacks as you move away!
The goblin hits you with a +0 dagger.
* * * LOW HITPOINT WARNING * * *
You hit the goblin.
You kill the goblin!
You feel better.
You hit the worm.
The worm is heavily wounded.
You hit the worm.
The worm is severely wounded.
The worm bites you!
* * * LOW HITPOINT WARNING * * *
What are your orders? t - Shout!
Orders for allies: a - Attack new target. p - Attack previous target. r - Retreat! s - Stop attacking. g - Guard the area. f - Follow me.
Anything else - Cancel.
Okay, then.
You hit the worm but do no damage.
The worm is severely wounded.
You hit the worm.
The worm is severely wounded.
The worm bites you.
You die...

#...####.#
####.#...#..## .
............. ..
......##....#
..#
...........##
..## #..#..##..#
....
#........#..#
#.#....(...###
#@w.##..........
###.#..#.....#.#
#
##...#.###...:#
#.# #..#...#
#.###
####.####.##..##
#..
#.........#.†..#
#..
#.........#.##.#
.. #...........#
.# #..........##
.#


You could see a worm.

Vanquished Creatures
  3 dart slugs (D:1)
  2 ball pythons (D:1)
  3 goblins
  A hobgoblin (D:2)
  3 jackals (D:1)
  7 kobolds
  A bat (D:1)
  2 frilled lizards (D:1)
  4 rats
26 creatures vanquished.

Notes
Turn   | Place    | Note
-------+----------+-------------------------------------------
     0 | D:1      | fortdeath9 the Ghoul Brigand began the quest for the Orb.
     0 | D:1      | Reached XP level 1. HP: 17/17 MP: 0/0
   239 | D:1      | Reached XP level 2. HP: 24/24 MP: 1/1
   381 | D:1      | Reached skill level 1 in Dodging
   395 | D:1      | Reached skill level 5 in Stealth
   588 | D:1      | Reached XP level 3. HP: 14/30 MP: 2/2
   921 | D:2      | Slain by a worm

Illustrated notes

Levels and vault maps discovered:
D:1:      wander_arrival_estate, layout_basic, serial_park_tiny_1,
          nicolae_concentric_dashed_squares_wild
D:2:      layout_rooms, minmay_pentomino_v4

Skill      XL: |  1  2 |
---------------+-------+-----
Short Blades   | 2 |  2.2
Dodging        | 1 |  1.1
Stealth        | 5 |  5.0
Fighting       | |  2.4
Throwing       | |  1.9

Action                   || total
-------------------------++-------
Melee: Dagger            ||    82
       Punch             ||     1
Throw: Dart              ||    15
  Use: Scroll            ||     1
 Stab: Sleeping          ||     1
Armor: Robe              ||    28
Dodge: Dodged            ||    64
